AoeStats
← KEIYILOK

Arabia

510086140Analyzed
1v1 RM · 4d ago on Sep 29, 2026· 36m 24s· 2 players
Game mode
Random Map
Map size
Tiny (2 player)
Population
200
Speed
Normal
Resources
Standard
Victory
Conquest
Starting age
Dark Age
Ending age
Imperial Age
RankedLock teamsTeams togetherTeam positionsShared explorationLock speedFull tech treeHidden civsTurbo modeCheats
Victory
Defeat
🇻🇳 Aztecs · Vietnam
1065
+18
🇭🇰 Varangians · Hong Kong SAR China
1100
-18
betapchoi
10:24 Loom
12:40 Feudal Age
13:34 Double-Bit Axe
13:28 Man-at-Arms
14:35 Gold Mining
17:17 Fletching
18:53 Wheelbarrow
22:40 Castle Age
21:17 Forging
23:45 Bow Saw
23:00 Crossbowman
23:42 Bodkin Arrow
25:29 Eagle Warrior
27:48 Iron Casting
27:15 Horse Collar
28:07 Ballistics
27:54 Padded Archer Armor
28:28 Scale Mail Armor
29:52 Leather Archer Armor
30:18 Gold Shaft Mining
30:10 Squires
33:57 Hand Cart
36:19 Imperial Age
33:53 Gambesons
KEIYILOK
9:50 Feudal Age
11:11 Double-Bit Axe
11:26 Loom
22:29 Castle Age
23:39 Bow Saw
23:19 Horse Collar
24:02 Fletching
24:39 Town Watch
28:22 Gold Mining
34:04 Bloodlines
33:18 Elite Skirmisher
34:44 Wheelbarrow
36:23 Scale Barding Armor
Connection lost

Rejoining the realm…

Still unreachable

The connection could not be restored.

Session expired

The server has moved on; the page needs a fresh start.